AoeStats
← Buschkrieger94

Highland

504306339Analyzed
4v4 RM · 1mo ago on Sep 4, 2026· 40m 23s· 8 players
Game mode
Random Map
Map size
Large (8 player)
Population
200
Speed
Normal
Resources
Standard
Victory
Conquest
Starting age
Dark Age
Ending age
Imperial Age
RankedLock teamsTeams togetherTeam positionsShared explorationLock speedFull tech treeHidden civsTurbo modeCheats
Victory
Defeat
🇨🇾 Maya · Cyprus
1088
+10
🇺🇸 Bohemians · United States
998
+14
🇺🇦 Slavs · Ukraine
996
+14
🇧🇷 Hindustanis · Brazil
896
+18
vs
🇩🇪 Byzantines · Germany
976
-15
🇩🇪 Armenians · Germany
956
-14
🇹🇷 Huns · Türkiye
951
-14
🇷🇺 Mongols · Russia
931
-13
ertk
0:35 Loom
10:55 Feudal Age
15:45 Castle Age
14:39 Horse Collar
14:48 Double-Bit Axe
15:40 Wheelbarrow
24:44 Husbandry
31:51 Imperial Age
30:04 Bloodlines
29:47 Pikeman
30:28 Squires
31:53 Halberdier
32:34 Halberdier
33:26 Heavy Plow
33:39 Bow Saw
34:41 Gold Mining
34:42 Stone Mining
35:50 Scale Barding Armor
35:45 Scale Mail Armor
35:56 Forging
35:37 Fletching
35:48 Padded Archer Armor
37:02 Elite Tarkan
38:09 Conscription
38:16 Chain Barding Armor
38:09 Thumb Ring
37:28 Elite Skirmisher
39:18 Bodkin Arrow
39:39 Leather Archer Armor
Buschkrieger94
10:18 Loom
15:00 Feudal Age
15:35 Double-Bit Axe
16:41 Wheelbarrow
17:58 Gold Mining
26:43 Forging
26:39 Scale Barding Armor
28:13 Scale Mail Armor
37:19 Castle Age
Shaci
2:31 Loom
10:36 Feudal Age
11:09 Double-Bit Axe
15:01 Horse Collar
17:56 Castle Age
20:00 Wheelbarrow
19:37 Bow Saw
19:30 Heavy Plow
22:53 Bloodlines
33:18 Hand Cart
35:10 Gold Mining
Dr.Ogen
7:38 Loom
10:10 Feudal Age
10:58 Man-at-Arms
14:10 Long Swordsman
16:51 Forging
25:37 Castle Age
24:01 Double-Bit Axe
24:35 Scale Mail Armor
26:06 Two-Handed Swordsman
26:34 Gambesons
26:50 Squires
26:37 Arson
27:37 Gold Mining
28:09 Bow Saw
31:05 Wheelbarrow
31:12 Champion
34:30 Iron Casting
34:11 Chain Mail Armor
Violet storm
11:20 Loom
13:15 Feudal Age
14:18 Double-Bit Axe
14:19 Horse Collar
17:43 Fletching
18:01 Fishing Lines
22:30 Castle Age
22:21 Padded Archer Armor
24:17 Bow Saw
24:11 Heavy Plow
24:50 Wheelbarrow
26:59 Hand Cart
28:59 Chemistry
28:57 Squires
29:11 Forging
30:11 Leather Archer Armor
29:52 Bodkin Arrow
30:36 Town Watch
32:27 Scale Mail Armor
34:13 Pikeman
35:31 Town Patrol
36:06 Arson
36:46 Chain Mail Armor
40:52 Gillnets
BearGrellos
2:26 Loom
11:12 Feudal Age
17:34 Castle Age
16:13 Man-at-Arms
19:13 Fishing Lines
20:05 Bloodlines
20:01 Horse Collar
20:06 Double-Bit Axe
20:20 Gold Mining
24:06 Gillnets
25:14 Husbandry
26:37 Wheelbarrow
27:41 Scale Barding Armor
27:58 Town Watch
29:23 Forging
29:36 Chain Barding Armor
34:11 Iron Casting
33:57 Hand Cart
34:33 Heavy Plow
34:45 Bow Saw
38:32 Imperial Age
39:51 Plate Barding Armor
veinbound
7:53 Loom
11:22 Feudal Age
14:52 Horse Collar
14:55 Man-at-Arms
19:19 Scale Mail Armor
24:46 Wheelbarrow
24:08 Double-Bit Axe
25:02 Bloodlines
27:33 Castle Age
26:48 Scale Barding Armor
27:49 Forging
27:59 Light Cavalry
29:56 Chain Barding Armor
30:52 Wheelbarrow
30:28 Stone Mining
31:54 Crossbowman
33:08 Hand Cart
39:05 Gold Mining
Makrokosmos12
0:28 Loom
9:56 Feudal Age
15:16 Castle Age
13:29 Double-Bit Axe
13:41 Horse Collar
15:06 Padded Archer Armor
15:49 Fletching
16:02 Gold Mining
17:49 Wheelbarrow
17:24 Crossbowman
20:40 Heavy Plow
21:53 Bow Saw
22:06 Bodkin Arrow
23:40 Leather Archer Armor
26:04 Thumb Ring
27:13 Hand Cart
27:59 Town Watch
29:40 Ballistics
31:27 Stone Mining
39:53 Imperial Age
39:59 Elite Plumed Archer
41:02 Conscription
40:06 Arbalester
41:18 Ring Archer Armor
Connection lost

Rejoining the realm…

Still unreachable

The connection could not be restored.

Session expired

The server has moved on; the page needs a fresh start.